 Dungeon Crawl Stone Soup version 0.21-a0-498-g1b60429 (webtiles) character file.

655 tidbits the Digger (level 7, -4/51 HPs)
             Began as a Gnoll Earth Elementalist on Nov 24, 2017.
             Was a Follower of Cheibriados.
             Slain by a gnoll
             ... wielding a +0 spear
              (10 damage)
             ... on level 6 of the Dungeon.
             The game lasted 00:10:01 (1088 turns).

tidbits the Digger (Gnoll Earth Elementalist)       Turns: 1088, Time: 00:10:02

Health: -4/51      AC:  2    Str: 13    XL:     7   Next: 54%
Magic:  8/15       EV: 16    Int: 23    God:    Cheibriados [*.....]
Gold:   99         SH:  0    Dex: 18    Spells: 2/17 levels left

rFire    . . .     SeeInvis .   h - +0 dagger
rCold    . . .     Gourm    .   (no shield)
rNeg     . . .     Faith    .   B - +0 robe
rPois    .         Spirit   .   (no helmet)
rElec    .         Reflect  .   (no cloak)
rCorr    .         Harm     .   (no gloves)
MR       .....                  (no boots)
Stlth    ++........             (no amulet)
HPRegen  0.17/turn              t - ring of loudness (curse)
MPRegen  0.14/turn              Y - +3 ring of slaying

@: very slow
A: distributed training, fangs 1, strong nose
a: Bend Time, Renounce Religion


You were on level 6 of the Dungeon.
You worshipped Cheibriados.
Cheibriados was aware of your devotion.
You were not hungry.

You visited 2 branches of the dungeon, and saw 7 of its levels.

You collected 99 gold pieces.

Inventory:

Hand Weapons
 d - a +0 short sword
 h - a +0 dagger (weapon)
 v - a +0 long sword
Missiles
 b - 28 stones
 f - 8 poisoned tomahawks (quivered)
 i - 58 arrows
 u - 7 tomahawks
Armour
 g - a +0 ring mail
 B - a +0 robe (worn)
Jewellery
 t - a cursed ring of loudness (left hand)
   (You found it on level 5 of the Dungeon)
 Y - a +3 ring of slaying (right hand)
   (You found it on level 5 of the Dungeon)
Wands
 m - a wand of iceblast (5)
Scrolls
 l - 2 scrolls of fear {unknown}
 o - 2 scrolls of teleportation
 r - 7 scrolls of remove curse {unknown}
 s - a scroll of blinking {unknown}
Potions
 j - a potion of might
 k - 2 potions of curing {unknown}
 n - a potion of magic {unknown}
 p - a potion of cancellation
 q - a potion of mutation {unknown}
Books
 e - a book of Geomancy

   Spells                             Type                      Level
   a - Sandblast                      Earth                        1
   b - Passwall                       Transmutation/Earth          2
   c - Stone Arrow                    Conjuration/Earth            3
   d - Petrify                        Transmutation/Earth          4
   e - Lee's Rapid Deconstruction     Earth                        5
Comestibles
 a - a meat ration
 c - 3 bread rations


   Skills:
 + Level 2.5 Fighting
 + Level 2.5 Short Blades
 + Level 2.5 Long Blades
 + Level 2.5 Axes
 + Level 2.5 Maces & Flails
 + Level 2.5 Polearms
 + Level 2.5 Staves
 + Level 2.5 Slings
 + Level 2.5 Bows
 + Level 2.5 Crossbows
 + Level 2.5 Throwing
 + Level 2.5 Armour
 + Level 5.2 Dodging
 + Level 4.9 Stealth
 + Level 2.5 Shields
 + Level 2.5 Unarmed Combat
 + Level 5.6 Spellcasting
 + Level 2.0 Conjurations
 + Level 2.0 Hexes
 + Level 2.0 Charms
 + Level 2.0 Summonings
 + Level 2.0 Necromancy
 + Level 2.0 Translocations
 + Level 3.0 Transmutations
 + Level 2.0 Fire Magic
 + Level 2.0 Ice Magic
 + Level 2.0 Air Magic
 + Level 5.8 Earth Magic
 + Level 2.0 Poison Magic
 + Level 2.8 Invocations
 + Level 2.5 Evocations


You had 2 spell levels left.
You knew the following spells:

 Your Spells              Type           Power        Failure   Level  Hunger
a - Sandblast             Erth           ####..       1%          1    None
g - Stone Arrow           Conj/Erth      ###...       5%          3    #......
l - Lee's Rapid Deconstr  Erth           ####......   22%         5    #####..
p - Petrify               Tmut/Erth      ####....     14%         4    ###....
w - Passwall              Tmut/Erth      ####......   2%          2    None


Dungeon Overview and Level Annotations

Branches:
Dungeon (6/15)             Temple (1/1) D:4

Altars:
Ashenzari
Cheibriados
Dithmenos
Fedhas
Makhleb
Nemelex Xobeh
Okawaru
Ru
Sif Muna
Uskayaw
Vehumet
Xom
Yredelemnul
Zin

Shops:
D:5 (


Innate Abilities, Weirdness & Mutations

Your experience applies equally to all skills.
You have very sharp teeth.
Your uncanny sense of smell can sniff out nearby items.


Message History

You have reached level 7!
b - 35 stones You already know all available spells.
Unknown command.
Casting: Sandblast
Confirm with . or Enter, or press ? or * to list all spells.
Aiming: Sandblast
Press: ? - help, Shift-Dir - straight line, f - ice beast
Aim: an ice beast The blast of sand hits the ice beast.
The ice beast is heavily wounded.
b - 34 stones
Casting: Sandblast
Confirm with . or Enter, or press ? or * to list all spells.
Aiming: Sandblast
Press: ? - help, Shift-Dir - straight line, f/p - ice beast
Aim: an ice beast (heavily wounded)
The blast of sand hits the ice beast.
The ice beast is severely wounded.
b - 33 stones The ice beast hits you.
The ice beast freezes you.
Casting: Sandblast
Confirm with . or Enter, or press ? or * to list all spells.
Aiming: Sandblast
Press: ? - help, Shift-Dir - straight line, f/p - ice beast
Aim: an ice beast (severely wounded)
The blast of sand hits the ice beast.
The ice beast is almost dead.
b - 32 stones The ice beast barely misses you.
Casting: Sandblast
Confirm with . or Enter, or press ? or * to list all spells.
Aiming: Sandblast
Press: ? - help, Shift-Dir - straight line, f/p - ice beast
Aim: an ice beast (almost dead)
The blast of sand misses the ice beast.
b - 31 stones The ice beast hits you.
The ice beast freezes you!
* * * LOW HITPOINT WARNING * * *
Casting: Sandblast
Confirm with . or Enter, or press ? or * to list all spells.
Aiming: Sandblast
Press: ? - help, Shift-Dir - straight line, f/p - ice beast
Aim: an ice beast (almost dead)
The blast of sand hits the ice beast.
You kill the ice beast!
Cheibriados thoroughly appreciates the change of pace.
Your Conjurations skill increases to level 2!
Your Hexes skill increases to level 2!
Your Charms skill increases to level 2!
Your Summonings skill increases to level 2!
Your Necromancy skill increases to level 2!
Your Translocations skill increases to level 2!
Your Fire Magic skill increases to level 2!
Your Ice Magic skill increases to level 2!
Your Air Magic skill increases to level 2!
Your Poison Magic skill increases to level 2!
b - 30 stones
Found a stone staircase leading down.
A crimson imp comes into view.
The crimson imp shouts!
Casting: Sandblast
Confirm with . or Enter, or press ? or * to list all spells.
Aiming: Sandblast
Press: ? - help, Shift-Dir - straight line, f - crimson imp
Aim: a crimson imp The blast of sand hits the crimson imp.
You kill the crimson imp!
Cheibriados appreciates the change of pace.
Your Transmutations skill increases to level 3!
b - 29 stones
There is a stone staircase leading down here.
You climb downwards.
Found 11 gold pieces.
There is a stone staircase leading up here.
A gnoll comes into view. It is wielding a flail.
Found a blowgun. 2 gnolls and a centaur come into view.
The gnoll shouts! x2; The centaur shouts!
The centaur picks up an inky potion.
The centaur drinks a potion.
The centaur seems to speed up.
The gnoll shouts!
Casting: Sandblast
Confirm with . or Enter, or press ? or * to list all spells.
Aiming: Sandblast
Press: ? - help, Shift-Dir - straight line, f - gnoll
Aim: a gnoll, wielding a flail The blast of sand hits the gnoll.
You kill the gnoll!
Cheibriados appreciates the change of pace.
b - 28 stones The centaur wields a shortbow.
The centaur shoots an arrow.
The arrow hits you.
* * * LOW HITPOINT WARNING * * *
The centaur shoots an arrow.
The arrow hits you.
* * * LOW HITPOINT WARNING * * *
The centaur shoots an arrow.
The arrow hits you.
* * * LOW HITPOINT WARNING * * *
The centaur shoots an arrow.
The arrow barely misses you.
You see here 3 arrows.
The gnoll hits you from afar with a spear!
You die...

......
....##
.....
##...#
....# #..#
#<.# ##.#
#@# #(#
#g#
#.....g#
#.......
#.....c#.
#.........
#.......
.#
#####..)
.#


You could see a centaur and 2 gnolls.

Vanquished Creatures
  An ice beast (D:5)
  2 phantoms
  2 ogres
  A bullfrog (D:5)
  A crimson imp (D:5)
  An orc wizard (D:4)
  2 hound skeletons
  A gnoll (D:6)
  An adder (D:4)
  2 oozes
  2 worms
  4 leopard geckos
  4 orcs (D:4)
  4 bats
  3 giant cockroaches
  3 hobgoblins
  6 jackals
  2 quokkas (D:5)
  4 frilled lizards
  2 kobolds
  A leopard gecko skeleton (D:5)
  2 rats
51 creatures vanquished.

Vanquished Creatures (others)
  4 fungi (D:6)
4 creatures vanquished.

Grand Total: 55 creatures vanquished

Notes
Turn   | Place    | Note
-------+----------+-------------------------------------------
     0 | D:1      | tidbits the Gnoll Earth Elementalist began the quest for the Orb.
     0 | D:1      | Reached XP level 1. HP: 13/13 MP: 6/6
    73 | D:1      | Reached skill level 2 in Transmutations
    98 | D:2      | Reached XP level 2. HP: 19/19 MP: 5/7
   102 | D:2      | Learned a level 2 spell: Passwall
   285 | D:3      | Reached XP level 3. HP: 23/25 MP: 3/9
   290 | D:3      | Learned a level 3 spell: Stone Arrow
   354 | D:4      | Found a staircase to the Ecumenical Temple.
   363 | Temple   | Entered the Ecumenical Temple
   457 | Temple   | Became a worshipper of Cheibriados the Contemplative
   494 | D:4      | Reached skill level 5 in Spellcasting
   496 | D:4      | Noticed a phantom
   504 | D:4      | Killed a phantom
   504 | D:4      | Reached skill level 1 in Fighting
   504 | D:4      | Reached skill level 1 in Short Blades
   504 | D:4      | Reached skill level 1 in Long Blades
   504 | D:4      | Reached skill level 1 in Axes
   504 | D:4      | Reached skill level 1 in Maces & Flails
   504 | D:4      | Reached skill level 1 in Polearms
   504 | D:4      | Reached skill level 1 in Staves
   504 | D:4      | Reached skill level 1 in Slings
   504 | D:4      | Reached skill level 1 in Bows
   504 | D:4      | Reached skill level 1 in Crossbows
   504 | D:4      | Reached skill level 1 in Throwing
   504 | D:4      | Reached skill level 1 in Armour
   504 | D:4      | Reached skill level 1 in Shields
   504 | D:4      | Reached skill level 1 in Unarmed Combat
   504 | D:4      | Reached skill level 1 in Conjurations
   504 | D:4      | Reached skill level 1 in Hexes
   504 | D:4      | Reached skill level 1 in Charms
   504 | D:4      | Reached skill level 1 in Summonings
   504 | D:4      | Reached skill level 1 in Necromancy
   504 | D:4      | Reached skill level 1 in Translocations
   504 | D:4      | Reached skill level 1 in Fire Magic
   504 | D:4      | Reached skill level 1 in Ice Magic
   504 | D:4      | Reached skill level 1 in Air Magic
   504 | D:4      | Reached skill level 1 in Poison Magic
   504 | D:4      | Reached skill level 1 in Invocations
   504 | D:4      | Reached skill level 1 in Evocations
   504 | D:4      | Reached XP level 4. HP: 26/32 MP: 0/11
   510 | D:4      | Learned a level 4 spell: Petrify
   536 | D:4      | Noticed an ogre
   550 | D:4      | Killed an ogre
   550 | D:4      | Reached XP level 5. HP: 12/37 MP: 1/12
   591 | D:4      | Reached XP level 6. HP: 12/44 MP: 1/13
   663 | D:4      | Reached skill level 2 in Invocations
   753 | D:5      | Entered Level 5 of the Dungeon
   766 | D:5      | Reached * piety under Cheibriados
   774 | D:5      | Learned a level 5 spell: Lee's Rapid Deconstruction
   825 | D:5      | Reached skill level 2 in Fighting
   825 | D:5      | Reached skill level 2 in Short Blades
   825 | D:5      | Reached skill level 2 in Long Blades
   825 | D:5      | Reached skill level 2 in Axes
   825 | D:5      | Reached skill level 2 in Maces & Flails
   825 | D:5      | Reached skill level 2 in Polearms
   825 | D:5      | Reached skill level 2 in Staves
   825 | D:5      | Reached skill level 2 in Slings
   825 | D:5      | Reached skill level 2 in Bows
   825 | D:5      | Reached skill level 2 in Crossbows
   825 | D:5      | Reached skill level 2 in Throwing
   825 | D:5      | Reached skill level 2 in Armour
   825 | D:5      | Reached skill level 5 in Dodging
   825 | D:5      | Reached skill level 2 in Shields
   825 | D:5      | Reached skill level 2 in Unarmed Combat
   825 | D:5      | Reached skill level 2 in Evocations
   899 | D:3      | Found a deep blue altar of Sif Muna.
   978 | D:6      | Found an iron altar of Okawaru.
  1012 | D:5      | Found Amiez's Antique Weapon Boutique.
  1037 | D:5      | Noticed a phantom
  1038 | D:5      | Noticed an ice beast
  1055 | D:5      | Killed a phantom
  1055 | D:5      | Reached XP level 7. HP: 39/50 MP: 8/15
  1069 | D:5      | Reached skill level 2 in Conjurations
  1069 | D:5      | Reached skill level 2 in Hexes
  1069 | D:5      | Reached skill level 2 in Charms
  1069 | D:5      | Reached skill level 2 in Summonings
  1069 | D:5      | Reached skill level 2 in Necromancy
  1069 | D:5      | Reached skill level 2 in Translocations
  1069 | D:5      | Reached skill level 2 in Fire Magic
  1069 | D:5      | Reached skill level 2 in Ice Magic
  1069 | D:5      | Reached skill level 2 in Air Magic
  1069 | D:5      | Reached skill level 2 in Poison Magic
  1076 | D:5      | Reached skill level 3 in Transmutations
  1088 | D:6      | Slain by a gnoll

Vault maps used:
D:1:      lemuel_arrival_muddy
D:2:      nicolae_qazlal_general_emergency, uniq_terence, uniq_robin
D:3:      old_standard_altar, first_bread
D:4:      minmay_temple_entry_poolview
D:5:      minitemple, serial_shops, nicolae_shop_crystal
D:6:      lemuel_slime, okawaru_gym_becter, uniq_eustachio,
          uniq_crazy_yiuf_cottage
Temple:   nicolae_temple_figure_eight

Skill      XL: |  1  2  3  4  5  6  7 |
---------------+----------------------+-----
Transmutations | 2 3 |  3.0
Spellcasting   | 5 |  5.6
Fighting       | 1 2 |  2.5
Short Blades   | 1 2 |  2.5
Long Blades    | 1 2 |  2.5
Axes           | 1 2 |  2.5
Maces & Flails | 1 2 |  2.5
Polearms       | 1 2 |  2.5
Staves         | 1 2 |  2.5
Slings         | 1 2 |  2.5
Bows           | 1 2 |  2.5
Crossbows      | 1 2 |  2.5
Throwing       | 1 2 |  2.5
Armour         | 1 2 |  2.5
Shields        | 1 2 |  2.5
Unarmed Combat | 1 2 |  2.5
Conjurations   | 1 2 |  2.0
Hexes          | 1 2 |  2.0
Charms         | 1 2 |  2.0
Summonings     | 1 2 |  2.0
Necromancy     | 1 2 |  2.0
Translocations | 1 2 |  2.0
Fire Magic     | 1 2 |  2.0
Ice Magic      | 1 2 |  2.0
Air Magic      | 1 2 |  2.0
Poison Magic   | 1 2 |  2.0
Invocations    | 1 2 |  2.8
Evocations     | 1 2 |  2.5
Dodging        | 5 |  5.2
Stealth        | |  4.9
Earth Magic    | |  5.8

Action                   |  1- 3 |  4- 6 |  7- 9 || total
-------------------------+-------+-------+-------++-------
Melee: Unarmed           |       |     5 |       ||     5
       Dagger            |       |     1 |       ||     1
Throw: Stone             |       |     6 |       ||     6
 Cast: Sandblast         |    30 |    45 |     8 ||    83
       Stone Arrow       |       |     4 |       ||     4
       Passwall          |       |     1 |       ||     1
  Use: Scroll            |     4 |       |       ||     4
       Potion            |       |     1 |       ||     1
  Eat: Fruit             |       |     4 |       ||     4
Armor: Robe              |     2 |     2 |       ||     4
       Skin              |       |     4 |       ||     4
Dodge: Dodged            |     5 |    29 |     2 ||    36

Table legend:
 A = Spawn XP
 B = Non-spawn XP
 C = Spawn XP percentage of total XP
 D = Spawn monster count
 E = Non-spawn monster count
 F = Spawn count percentage of total count
 G = Total turns spent on level
                    A         B        C        D         E        F      G
               +---------+---------+-------+---------+---------+-------+---------
         Total |       0 |     937 |   0.0 |       0 |      51 |   0.0 |  1088
               +---------+---------+-------+---------+---------+-------+---------
           D:1 |       0 |       9 |   0.0 |       0 |       6 |   0.0 |    83
           D:2 |       0 |       7 |   0.0 |       0 |       3 |   0.0 |   127
           D:3 |       0 |      19 |   0.0 |       0 |       7 |   0.0 |   119
           D:4 |       0 |     346 |   0.0 |       0 |      21 |   0.0 |   403
           D:5 |       0 |     542 |   0.0 |       0 |      13 |   0.0 |   232
           D:6 |       0 |      14 |   0.0 |       0 |       1 |   0.0 |    10
               +---------+---------+-------+---------+---------+-------+---------

Table legend:
 A = Turns spent in this place as a percentage of turns spent in the entire game.
 B = Non-inter-level travel turns spent in this place as a percentage of non-inter-level travel turns spent in the entire game.
 C = Inter-level travel turns spent in this place as a percentage of turns spent in this place.
 D = Turns resting spent in this place as a percentage of non-inter-level travel turns spent in this place.
 E = Turns spent auto-exploring this place as a percentage of non-inter-level travel turns spent in this place.
 F = Non-inter-level travel turns spent in this place divided by the number of levels of this place that you've seen.
                   A       B       C       D       E      F
               +-------+-------+-------+-------+-------+----------------------
         Total | 100.0 | 100.0 |   2.4 |   0.0 |   0.0 | 151.7
       Dungeon |  89.5 |  90.6 |   1.2 |   0.0 |   0.0 | 160.3
        Temple |  10.5 |   9.4 |  12.3 |   0.0 |   0.0 | 100.0
               +-------+-------+-------+-------+-------+----------------------

Table legend:
 A = Kills in this place as a percentage of kills in entire the game.
 B = Kills by you in this place as a percentage of kills by you in the entire game.
 C = Kills by friends in this place as a percentage of kills by friends in the entire game.
 D = Other kills in this place as a percentage of other kills in the entire game.
 E = Experience gained in this place as a percentage of experience gained in the entire game.
 F = Experience gained in this place divided by the number of levels of this place that you have seen.
                   A       B       C       D       E      F
               +-------+-------+-------+-------+-------+----------------------
         Total | 100.0 | 100.0 |   N/A |   N/A | 100.0 | 133.9
       Dungeon | 100.0 | 100.0 |   N/A |   N/A | 100.0 | 156.2
               +-------+-------+-------+-------+-------+----------------------

Vault maps used:
D:1:      lemuel_arrival_muddy
D:2:      nicolae_qazlal_general_emergency, uniq_terence, uniq_robin
D:3:      old_standard_altar, first_bread
D:4:      minmay_temple_entry_poolview
D:5:      minitemple, serial_shops, nicolae_shop_crystal
D:6:      lemuel_slime, okawaru_gym_becter, uniq_eustachio,
          uniq_crazy_yiuf_cottage
Temple:   nicolae_temple_figure_eight
